 Dungeon Crawl Stone Soup version 0.29.1-15-g9cfb28693d (webtiles) character file.

Game seed: 11603348822177573410

3 BuddhaDhamma the Chopper (level 1, -1/19 HPs)
             Began as a Minotaur Berserker on Mar 8, 2023.
             Was a Follower of Trog.
             Slain by a ball python (2 damage)
             ... on level 1 of the Dungeon.
             The game lasted 00:00:13 (84 turns).

BuddhaDhamma the Chopper (Minotaur Berserker)         Turns: 84, Time: 00:00:13

Health: -1/19      AC:  2    Str: 21    XL:     1   Next: 41%
Magic:  0/0        EV:  9    Int:  4    God:    Trog [*.....]
Gold:   0          SH:  0    Dex:  9    Spells: 0/0 levels left

rFire   . . .      SeeInvis .   a - +0 hand axe
rCold   . . .      Faith    .   (no shield)
rNeg    . . .      Spirit   .   b - +0 animal skin
rPois   .          Reflect  .   (helmet restricted)
rElec   .          Harm     .   (no cloak)
rCorr   .          Rampage  .   (no gloves)
Will    .....                   (no boots)
Stlth   +.........              (no amulet)
HPRegen 0.06/turn               (no ring)
MPRegen 0.07/turn               (no ring)

@: constricted
A: horns 2, retaliatory headbutt
a: Renounce Religion, Berserk


You were on level 1 of the Dungeon.
You worshipped Trog.
Trog was aware of your devotion.
You visited 1 branch of the dungeon, and saw 1 of its levels.

Inventory:

Hand Weapons
 a - a +0 hand axe (weapon)
Armour
 b - a +0 animal skin (worn)


   Skills:
 - Level 3.6 Fighting
 + Level 3.9 Axes
 - Level 2.4 Armour
 - Level 2.1 Dodging


You couldn't memorise any spells.
You didn't know any spells.
Your spell library was empty.

Dungeon Overview and Level Annotations

Branches:
Dungeon (1/15)

Altars:


Innate Abilities, Weirdness & Mutations

You have a pair of horns on your head.
You reflexively headbutt those who attack you in melee.


Message History

The frilled lizard bites you.
You barely miss the frilled lizard. The frilled lizard bites you.
You are too injured to fight recklessly!
You are too injured to fight recklessly!
You are too injured to fight recklessly!
You closely miss the frilled lizard. The frilled lizard barely misses you.
You hit the frilled lizard.
You kill the frilled lizard!
Trog accepts your kill.
You closely miss the ball python.
The ball python bites you but does no damage.
The ball python misses you. The ball python bites you.
The ball python grabs you. The ball python constricts you.
You closely miss the ball python. The ball python bites you.
The ball python constricts you.
You closely miss the ball python. The ball python bites you.
The ball python constricts you.
You hit the ball python. Your headbutt misses the ball python.
The ball python is moderately wounded.
The ball python bites you. The ball python constricts you.
You closely miss the ball python.
The ball python is moderately wounded.
The ball python bites you. The ball python constricts you.
The ball python bites you.
* * * LOW HITPOINT WARNING * * *
The ball python constricts you.
You barely miss the ball python.
The ball python is moderately wounded.
The ball python bites you.
* * * LOW HITPOINT WARNING * * *
The ball python constricts you.
* * * LOW HITPOINT WARNING * * *
You hit the ball python but do no damage.
The ball python is moderately wounded.
The ball python barely misses you. The ball python constricts you.
* * * LOW HITPOINT WARNING * * *
You barely miss the ball python.
The ball python is moderately wounded.
The ball python bites you.
You die...

...#### ...:. ♣♣♣ .....
♣.. ... ### ... #.< ♣.#
#.. ♣S# .# #####'' ♣@#
.+ +...... ♣.# #.#
#...... ♣.####.#
#..##.. ♣♣......#
#..##.. ♣♣.......#
♣#...... ♣♣........#
♣#...... ♣.........#
#...... ♣..........#
♣#......
............###♣#......


You could see a ball python.

Vanquished Creatures
  A dart slug (D:1)
  A frilled lizard (D:1)
2 creatures vanquished.

Notes
Turn   | Place    | Note
-------+----------+-------------------------------------------
     0 | D:1      | BuddhaDhamma the Minotaur Berserker began the quest for the
                  | Orb.
     0 | D:1      | Reached XP level 1. HP: 19/19 MP: 0/0
    84 | D:1      | Slain by a ball python

Illustrated notes

Levels and vault maps discovered:
D:1:      beargit_arrival_diablo_church, layout_basic,
          dilly_ecumenical_altar_fadedgnrine, minmay_unequal

Action                   || total
-------------------------++-------
Melee: Hand axe          ||    14
       Headbutt          ||     2
Armor: Animal skin       ||     1
Dodge: Dodged            ||     4
